Map: Romanticide LE

Players

ForJumy

  • Race: Protoss Protoss

Spirit (souL) - Winner!

  • Race: Terran Terran

Event: DreamHack SC2 Masters 2021 Winter

VOD

Have the link to the VOD?

Description

Time

  • Played on: Oct. 10, 2021, 1:24 p.m.
  • Length: 8:28

All games in this series

Show
View Real Time Build Order
Export as new Build Order

ForJumy Protoss 

Build Orders: 1 Gate Expand, Oracle Opening, Colossus Rush 

Get SALT Encoding   

  12  0:00  Probe  
  13  0:12  Probe  
  14  0:17  Pylon  
  14  0:24  Probe  
  15  0:35  Gateway  
  15  0:37  Probe (Chrono Boost)  
  16  0:46  Probe (Chrono Boost)  
  16  0:48  Assimilator  
  17  0:51  Probe (Chrono Boost)  
  18  1:03  Probe  
  19  1:15  Probe  
  20  1:25  Nexus  
  20  1:34  Cybernetics Core  
  20  1:37  Probe  
  21  1:43  Assimilator  
  21  1:49  Probe  
  22  1:56  Pylon  
  22  2:01  Probe  
  23  2:12  Adept (Chrono Boost)  
  23  2:14  Probe  
  26  2:23  Stargate  
  26  2:27  Probe (Chrono Boost)  
  27  2:32  Warp Gate  
  27  2:38  Probe (Chrono Boost)  
  27  2:39  Probe (Chrono Boost)  
  27  2:42  Adept  
  31  2:48  Probe (Chrono Boost)  
  31  2:49  Probe (Chrono Boost)  
  33  2:53  Probe x2 (Chrono Boost)  
  35  3:04  Probe  
  35  3:05  Probe  
  37  3:08  Oracle (Chrono Boost)  
  39  3:16  Probe  
  39  3:17  Probe  
  41  3:25  Gateway  
  41  3:28  Probe  
  41  3:29  Probe  
  41  3:34  Robotics Facility, Pylon  
  43  3:37  Adept  
  43  3:40  Probe  
  46  3:52  Probe x2  
  46  4:04  Probe  
  46  4:05  Probe  
  46  4:07  Nexus, Phoenix  
  50  4:16  Probe  
  50  4:17  Probe  
  49  4:20  Pylon  
  49  4:22  Observer  
  50  4:25  Assimilator  
  50  4:28  Assimilator, Probe  
  50  4:29  Probe  
  50  4:30  Pylon  
  52  4:36  Robotics Bay  
  52  4:40  Probe  
  52  4:41  Probe  
  54  4:49  Immortal (Chrono Boost), Shield Battery  
  54  4:52  Probe  
  59  4:54  Probe  
  60  5:01  Phoenix  
  60  5:04  Adept  
  60  5:06  Adept  
  66  5:12  Probe  
  67  5:15  Probe  
  62  5:22  Probe  
  56  5:30  Stalker x2  
  56  5:31  Probe (Chrono Boost)  
  56  5:34  Probe (Chrono Boost)  
  60  5:40  Probe (Chrono Boost)  
  62  5:43  Probe (Chrono Boost)  
  62  5:49  Probe (Chrono Boost)  
  64  5:50  Probe (Chrono Boost)  
  64  5:51  Probe (Chrono Boost)  
  64  5:56  Colossus (Chrono Boost), Probe  
  64  5:58  Probe  
  64  6:00  Probe (Chrono Boost)  
  72  6:04  Observer  
  72  6:08  Pylon  
  74  6:12  Observer  
  74  6:13  Probe x2 (Chrono Boost)  
  74  6:15  Probe (Chrono Boost)  
  75  6:20  Sentry  
  75  6:23  Pylon  
  75  6:24  Probe (Chrono Boost)  
  77  6:27  Probe x2 (Chrono Boost)  
  77  6:28  Twilight Council  
  77  6:30  Gateway, Observer  
  77  6:31  Gateway  
  80  6:36  Probe (Chrono Boost)  
  80  6:38  Pylon  
  83  6:44  Probe x3 (Chrono Boost)  
  83  6:45  Observer  
  85  6:49  Pylon  
  85  6:50  Probe x3  
  85  6:51  Pylon  
  85  6:53  Extended Thermal Lance (Chrono Boost)  
  88  7:01  Assimilator x2  
  88  7:02  Probe x3  
  91  7:09  Colossus (Chrono Boost)  
  91  7:11  Forge  
  91  7:14  Probe x2  
  94  7:24  Zealot x2  
  94  7:27  Probe  
  97  7:30  Probe  
  97  7:32  Probe  
  99  7:39  Probe  
  99  7:43  Stalker x2  
  98  7:46  Probe  
  98  7:47  Probe  
  98  7:51  Probe  
  92  7:54  Stalker  
  92  7:58  Probe  
  96  7:59  Probe  
  96  8:03  Probe  
  95  8:10  Probe  
  95  8:11  Stalker x2, Probe  
  95  8:15  Probe  
Show
View Real Time Build Order
Export as new Build Order

Spirit Terran - Winner!

Build Orders: Reaper Expand 

Get SALT Encoding   

  12  0:00  SCV  
  13  0:12  SCV  
  14  0:18  Supply Depot  
  14  0:24  SCV  
  15  0:39  SCV  
  15  0:41  Barracks  
  16  0:45  Refinery  
  16  0:51  SCV  
  17  1:03  SCV  
  18  1:16  SCV  
  19  1:28  Reaper  
  19  1:29  Orbital Command  
  20  1:45  Command Center  
  20  1:54  SCV  
  20  1:55  Supply Depot  
  20  2:00  Marine  
  22  2:06  SCV  
  23  2:11  Factory  
  23  2:16  Refinery  
  23  2:19  SCV  
  24  2:25  Bunker  
  24  2:27  Barracks Reactor  
  24  2:33  SCV  
  25  2:45  SCV  
  26  2:56  Hellion  
  26  2:57  SCV  
  29  3:00  Orbital Command  
  29  3:03  Starport  
  29  3:04  Marine  
  30  3:10  SCV  
  30  3:11  Marine  
  32  3:18  Factory Tech Lab  
  32  3:22  Marine  
  32  3:23  SCV  
  32  3:26  SCV  
  35  3:29  Marine  
  36  3:34  Supply Depot  
  36  3:35  SCV  
  36  3:36  Cyclone  
  36  3:40  Marine  
  41  3:43  SCV  
  41  3:45  Medivac  
  41  3:46  Marine  
  45  3:48  SCV  
  45  3:52  Supply Depot  
  46  3:55  SCV  
  46  4:00  SCV  
  46  4:02  Marine  
  46  4:06  Marine  
  46  4:08  SCV, Cyclone  
  51  4:12  SCV  
  52  4:20  SCV  
  52  4:21  Viking  
  55  4:25  SCV  
  55  4:26  Marine x2  
  58  4:36  Supply Depot, SCV, Barracks  
  58  4:37  Barracks  
  59  4:42  SCV  
  59  4:43  Supply Depot  
  60  4:49  SCV  
  61  4:53  Starport Tech Lab  
  61  4:55  SCV  
  61  4:58  Factory Reactor  
  61  4:59  Refinery, Marine x2  
  64  5:00  Supply Depot, Engineering Bay  
  64  5:01  SCV  
  64  5:06  Bunker  
  65  5:07  SCV  
  65  5:13  SCV  
  66  5:20  SCV  
  66  5:21  Command Center  
  66  5:29  SCV  
  66  5:32  Starport Reactor  
  66  5:33  Stimpack, Combat Shield  
  66  5:34  Marine x4  
  67  5:38  SCV  
  67  5:42  SCV  
  68  5:51  SCV  
  68  5:52  Marine x3  
  68  5:54  SCV  
  66  5:57  Marauder  
  66  6:03  SCV  
  69  6:06  Terran Infantry Weapons Level 1  
  69  6:08  Medivac  
  69  6:09  Supply Depot, Widow Mine  
  69  6:10  Marauder, Refinery, Marine  
  74  6:12  Medivac  
  74  6:16  SCV  
  78  6:18  SCV  
  78  6:21  Supply Depot  
  78  6:22  Marine  
  79  6:26  Marauder  
  79  6:32  Marauder  
  87  6:33  Supply Depot, Widow Mine x2  
  87  6:36  SCV x2  
  89  6:40  Marine  
  89  6:45  Medivac  
  92  6:47  Marauder  
  92  6:52  Concussive Shells  
  92  6:53  Marauder, Orbital Command  
  92  6:54  Supply Depot  
  96  6:55  Barracks  
  96  6:56  SCV, Medivac, Barracks  
  99  7:02  Marine x2  
  99  7:06  SCV  
  102  7:08  SCV  
  102  7:09  Marauder, Supply Depot  
  102  7:12  Widow Mine x2  
  102  7:14  Marauder  
  111  7:18  SCV  
  111  7:20  SCV  
  111  7:22  Marine  
  112  7:23  SCV  
  112  7:24  Marine  
  114  7:30  Marauder  
  114  7:31  SCV  
  114  7:33  SCV  
  114  7:35  SCV  
  114  7:36  Marauder  
  121  7:37  Refinery x2  
  121  7:39  Command Center  
  121  7:40  Marine  
  121  7:43  SCV  
  121  7:44  Marine  
  123  7:49  SCV, Marine  
  123  7:51  Widow Mine  
  126  7:52  Marauder  
  126  7:55  Medivac  
  126  7:56  Medivac, Marine  
  126  7:57  Marauder  
  135  8:01  Marine  
  135  8:02  SCV  
  133  8:09  Marine x2  
  133  8:11  SCV x2  
  137  8:14  SCV  
  137  8:15  Armory  
  137  8:17  Engineering Bay  

Tags
 
Add a new tag
Caveats
  • Supply blocks, unpowered buildings, or Contaminate may cause inaccurate times.
  • Supply counts are checked every 10 seconds.